[Event "Titled Tuesday Blitz April 18 Early 2023"]
[White "Mekhitarian, Krikor Sevag"]
[Black "Shohat, Yotam"]
[WhiteFideId "2107660"]
[BlackFideId "2813955"]
[WhiteElo "2604"]
[BlackElo "2226"]
[Result "1-0"]
[Round "02"]
[TimeControl "180+2"]
[Date "2023.04.18"]
[WhiteClock "0:00:35"]
[BlackClock "0:00:11"]

1. Nf3 Nf6 2. c4 g6 3. Nc3 Bg7 4. e4 O-O 5. d4 d6 6. h3 Na6 7. Be3 e5 8. d5 Nh5 9. g3 f5 10. exf5 gxf5 11. Nh4 f4 12. Qxh5 fxe3 13. fxe3 Nc5 14. e4 c6 15. O-O-O cxd5 16. cxd5 Bd7 17. Kb1 Qa5 18. Be2 b5 19. Bg4 Be8 20. Qg5 b4 21. Ne2 Nxe4 22. Qe3 Nc5 23. Rhf1 Bg6+ 24. Bf5 e4 25. Nd4 b3 26. a3 Na4 27. Be6+ Kh8 28. Nxg6+ hxg6 29. Qxe4 Nc3+ 30. bxc3 Qxc3 31. Qh4+ 1-0


[Site "https://www.chess.com"]

[Event "Titled Tuesday Blitz April 18 Early 2023"]
[White "Taboas Rodriguez, Daniel"]
[Black "Rodshtein, Maxim"]
[WhiteFideId "2208466"]
[BlackFideId "2806851"]
[WhiteElo "2365"]
[BlackElo "2555"]
[Result "0-1"]
[Round "02"]
[TimeControl "180+2"]
[Date "2023.04.18"]
[WhiteClock "0:01:24"]
[BlackClock "0:02:01"]

1. d4 g6 2. e4 Bg7 3. Nf3 d6 4. c4 Bg4 5. Be2 Nc6 6. d5 Bxf3 7. Bxf3 Nd4 8. O-O c5 9. dxc6 bxc6 10. Nc3 c5 11. e5 Nxf3+ 12. Qxf3 Bxe5 13. Qc6+ Kf8 14. f4 Bd4+ 15. Kh1 Bxc3 16. bxc3 Rc8 17. Qf3 f5 18. g4 Qd7 19. gxf5 Qxf5 20. Bd2 Nf6 21. Rae1 Kf7 22. Rg1 Qd7 23. Rg2 Rhg8 24. Rge2 Rge8 25. Kg1 Qg4+ 26. Qg3 Rb8 27. Kf2 Rb2 28. Be3 Ne4+ 0-1


[Site "https://www.chess.com"]

[Event "Titled Tuesday Blitz April 18 Early 2023"]
[White "Fier, Alexandr"]
[Black "Ordekalog"]
[WhiteFideId "2107139"]
[WhiteElo "2610"]
[BlackElo "2537"]
[Result "1-0"]
[Round "02"]
[TimeControl "180+2"]
[Date "2023.04.18"]
[WhiteClock "0:01:10"]
[BlackClock "0:00:02"]

1. d4 d5 2. c4 e6 3. Nc3 c5 4. cxd5 exd5 5. dxc5 d4 6. Na4 Bxc5 7. Nxc5 Qa5+ 8. Bd2 Qxc5 9. Rc1 Qf5 10. Nf3 Nc6 11. e3 dxe3 12. Bxe3 Nf6 13. Bd3 Qa5+ 14. Bd2 Qxa2 15. Bc3 Qe6+ 16. Be2 O-O 17. O-O Ne4 18. Be1 Rd8 19. Qc2 Qe7 20. Bb5 Bf5 21. Qa4 Rac8 22. Bxc6 bxc6 23. Ba5 Re8 24. Rxc6 Bd7 25. Rfc1 Rxc6 26. Rxc6 Nc5 27. Qb5 Bxc6 28. Qxc6 Nd3 29. Bc3 h6 30. h3 Nf4 31. Be5 Ne6 32. Bd6 Qd8 33. b4 Qc8 34. Qa4 Rd8 35. Be5 Qc1+ 36. Kh2 Qf1 37. Qxa7 Qc4 38. Qb6 Rd5 39. Qb8+ Kh7 40. Qb7 Rxe5 41. Nxe5 Qf4+ 42. g3 Qxe5 43. b5 Qb2 44. Qxf7 1-0


[Site "https://www.chess.com"]

[Event "Titled Tuesday Blitz April 18 Early 2023"]
[White "Richter, Paul"]
[Black "Hambleton, Aman"]
[WhiteFideId "2046350"]
[BlackFideId "2606577"]
[WhiteElo "2533"]
[BlackElo "2511"]
[Result "0-1"]
[Round "02"]
[TimeControl "180+2"]
[Date "2023.04.18"]
[WhiteClock "0:00:07"]
[BlackClock "0:00:04"]

1. e4 b6 2. d4 Bb7 3. Nc3 e6 4. Bd3 Nf6 5. Nge2 d5 6. e5 Ng8 7. Nf4 Ba6 8. O-O Bxd3 9. cxd3 g6 10. Bd2 Ne7 11. Rc1 Nbc6 12. Qa4 Qd7 13. Nb5 a6 14. Bb4 Rc8 15. Na3 b5 16. Qb3 Nxb4 17. Qxb4 Nf5 18. Qa5 Nxd4 19. Qxa6 Bh6 20. g3 Bxf4 21. gxf4 Ne2+ 22. Kg2 Nxf4+ 23. Kh1 Nxd3 24. Rc3 b4 25. Rxd3 bxa3 26. Qxa3 c5 27. Rc1 c4 28. Rf3 Qe7 29. Qa4+ Kf8 30. Qa6 Kg7 31. Rg1 Rb8 32. b3 cxb3 33. axb3 Rb4 34. Qd3 Rhb8 35. Qe3 Qh4 36. Qa7 R4b7 37. Qc5 Qe4 38. Qe3 Qxe3 39. Rxe3 Rxb3 40. Re2 Rb2 41. Rge1 Rxe2 42. Rxe2 g5 43. Kg2 Rb4 44. h4 Rxh4 45. Kg3 Rf4 46. f3 h5 47. Re1 Kg6 48. Kg2 Kf5 49. Rh1 h4 50. Re1 Rd4 51. Kh3 Rd3 52. Kg2 d4 53. Ra1 Kxe5 54. Ra7 f6 55. Kf2 Kf5 56. Ke2 Re3+ 57. Kf2 e5 58. Ra6 Rc3 59. Ra3 Rxa3 0-1


[Site "https://www.chess.com"]

[Event "Titled Tuesday Blitz April 18 Early 2023"]
[White "Szpar, Milosz"]
[Black "Tomaszewski, Kacper"]
[WhiteFideId "1184989"]
[BlackFideId "1127373"]
[WhiteElo "2436"]
[BlackElo "2211"]
[Result "1-0"]
[Round "02"]
[TimeControl "180+2"]
[Date "2023.04.18"]
[WhiteClock "0:00:06"]
[BlackClock "0:00:01"]

1. e4 e5 2. Nf3 Nc6 3. Bb5 Nge7 4. d4 exd4 5. Nxd4 Nxd4 6. Qxd4 Nc6 7. Qd3 Bc5 8. O-O O-O 9. Qg3 Kh8 10. Nc3 d6 11. Bg5 f6 12. Bd2 Nd4 13. Bd3 f5 14. Kh1 Qf6 15. Nd5 Qf7 16. c3 Nc6 17. f3 Ne5 18. Bc2 Be6 19. Nf4 Bc4 20. exf5 Bxf1 21. Rxf1 Nc4 22. Ng6+ Kg8 23. Bc1 d5 24. Nxf8 Rxf8 25. Re1 Re8 26. f4 Nd6 27. Re5 Nc4 28. Rxe8+ Qxe8 29. h4 Qe2 30. f6 Qf1+ 31. Kh2 Qg1+ 32. Kh3 Qh1+ 33. Kg4 Qxc1 34. Kh5 g6+ 35. Bxg6 Qe1 36. Bxh7+ Kf7 37. Qg7+ Ke8 38. f7+ Kd8 39. f8=Q+ Bxf8 40. Qxf8+ Kd7 41. Bf5+ Kc6 42. g4 Nd6 43. Qf6 Kb5 44. Qe5 Ne4 45. Qxd5+ Nc5 46. a4+ Kb6 47. a5+ Kb5 48. Bd3+ Ka4 49. Qc4+ 1-0


[Site "https://www.chess.com"]

[Event "Titled Tuesday Blitz April 18 Early 2023"]
[White "Eynullayev, Atilla"]
[Black "Milikow, Yoav"]
[WhiteFideId "13413570"]
[BlackFideId "2822237"]
[WhiteElo "2181"]
[BlackElo "2410"]
[Result "1/2-1/2"]
[Round "02"]
[TimeControl "180+2"]
[Date "2023.04.18"]
[WhiteClock "0:00:11"]
[BlackClock "0:00:12"]

1. d4 Nf6 2. c4 e6 3. Nc3 Bb4 4. e3 O-O 5. Bd3 d5 6. Nf3 dxc4 7. Bxc4 c5 8. a3 Ba5 9. O-O Nc6 10. dxc5 Bxc3 11. bxc3 Qa5 12. Qe2 Qxc5 13. a4 Rd8 14. Ba3 Qh5 15. Rfd1 Bd7 16. h3 Rac8 17. Rab1 Be8 18. Rxd8 Nxd8 19. Bb5 Nc6 20. Bd6 Ne4 21. Qd3 Qd5 22. Qxd5 exd5 23. Bb4 Nxb4 24. Bxe8 Na2 25. Bxf7+ Kxf7 26. Rxb7+ Kf6 27. Rxa7 Rxc3 28. Nd4 Rc1+ 29. Kh2 Nac3 30. Ra6+ Kf7 31. Ra7+ Ke8 32. Ra8+ Kd7 33. Ra7+ Kc8 34. Rxg7 Nd2 35. Kg3 Nce4+ 36. Kf4 Rc7 37. Rxc7+ Kxc7 38. Ke5 Nxf2 39. Kxd5 Nf1 40. Ne6+ Kb6 41. Ng5 Nxe3+ 42. Kd4 Nxg2 43. Nxh7 Nxh3 44. Nf6 Ne1 45. Nd5+ Ka5 46. Nc3 Ng5 47. Kc4 Nef3 48. Kb3 Nd4+ 49. Kc4 Nc6 50. Kb3 Ne6 51. Nb5 Nc5+ 52. Kc4 Nxa4 53. Nd4 Na7 54. Kd5 Kb6 55. Ne6 Nc3+ 56. Ke5 Nc6+ 57. Kf4 Nd5+ 58. Kf3 Nce7 59. Nf4 Nc7 60. Ke4 Kc6 61. Nd3 Kd6 62. Nf2 Ne6 63. Kd3 Nc5+ 64. Kd4 Nc6+ 65. Kc4 Ne5+ 66. Kd4 Nf3+ 67. Kc4 Ne6 68. Nd3 Nfg5 69. Nb4 Nf7 70. Nd3 1/2-1/2


[Site "https://www.chess.com"]

[Event "Titled Tuesday Blitz April 18 Early 2023"]
[White "Beerdsen, Thomas"]
[Black "Horak, Martin"]
[WhiteFideId "1030108"]
[BlackFideId "367095"]
[WhiteElo "2547"]
[BlackElo "2091"]
[Result "1-0"]
[Round "02"]
[TimeControl "180+2"]
[Date "2023.04.18"]
[WhiteClock "0:00:45"]
[BlackClock "0:00:01"]

1. e4 c5 2. Nf3 Nc6 3. Bc4 Nf6 4. e5 d5 5. Bb5 Nd7 6. Qe2 Nb6 7. d4 Bg4 8. dxc5 Nd7 9. O-O Nd4 10. Qd3 Nxf3+ 11. gxf3 Bh3 12. e6 Bxe6 13. Nc3 g6 14. Nxd5 Bg7 15. Bg5 Bf6 16. Bh6 a6 17. Ba4 Qa5 18. Nxf6+ exf6 19. Bxd7+ Bxd7 20. Rfe1+ Be6 21. c6 Rd8 22. Qb3 bxc6 23. Rxe6+ fxe6 24. Qxe6# 1-0


[Site "https://www.chess.com"]

[Event "Titled Tuesday Blitz April 18 Early 2023"]
[White "Bilan, Danila"]
[Black "Smirnov, Pavel"]
[WhiteFideId "24161918"]
[BlackFideId "4123425"]
[WhiteElo "2182"]
[BlackElo "2519"]
[Result "0-1"]
[Round "02"]
[TimeControl "180+2"]
[Date "2023.04.18"]
[WhiteClock "0:00:01"]
[BlackClock "0:01:09"]

1. d4 Nf6 2. Nf3 d5 3. c4 e6 4. Nc3 c6 5. Bg5 h6 6. Bxf6 Qxf6 7. e3 g6 8. Bd3 dxc4 9. Bxc4 Bg7 10. Ne5 O-O 11. O-O c5 12. Ne4 Qe7 13. Qb3 cxd4 14. exd4 Nc6 15. Nxc6 bxc6 16. Rfd1 Rd8 17. Qe3 Rb8 18. Rd2 e5 19. dxe5 Rxd2 20. Qxd2 Qxe5 21. Qd8+ Kh7 22. Bxf7 Bf5 23. Bg8+ Kh8 0-1


[Site "https://www.chess.com"]

[Event "Titled Tuesday Blitz April 18 Early 2023"]
[White "Garv Gaur"]
[Black "Mahdavi, Reza"]
[WhiteFideId "45030839"]
[BlackFideId "12595926"]
[WhiteElo "2068"]
[BlackElo "2357"]
[Result "0-1"]
[Round "02"]
[TimeControl "180+2"]
[Date "2023.04.18"]
[WhiteClock "0:00:13"]
[BlackClock "0:01:01"]

1. Nf3 Nf6 2. c4 g6 3. Nc3 Bg7 4. g3 O-O 5. Bg2 d6 6. O-O c6 7. d4 Qa5 8. h3 Be6 9. Qd3 Qa6 10. Nd2 d5 11. b3 Rd8 12. Bb2 dxc4 13. bxc4 Nbd7 14. e4 Ne5 15. Qe3 Nxc4 16. Nxc4 Bxc4 17. Rfd1 Rd7 18. d5 cxd5 19. e5 Ne8 20. Nxd5 Bxd5 21. Bxd5 e6 22. Bb3 Rad8 23. Rxd7 Rxd7 24. Rc1 b6 25. Qe4 Rd8 26. Qc6 Qe2 27. Ba3 Bxe5 28. Be7 Rb8 29. Bb4 Bd4 30. Rf1 Qe5 31. Re1 Qxg3+ 32. Kh1 Qxh3+ 33. Kg1 Qg4+ 34. Kh1 Bxf2 35. Bxe6 fxe6 36. Qxe6+ Qxe6 37. Rxe6 0-1


[Site "https://www.chess.com"]

[Event "Titled Tuesday Blitz April 18 Early 2023"]
[White "chessfatbear"]
[Black "Ljukin, Sergei"]
[BlackFideId "14102200"]
[WhiteElo "2783"]
[BlackElo "2312"]
[Result "1-0"]
[Round "02"]
[TimeControl "180+2"]
[Date "2023.04.18"]
[WhiteClock "0:01:21"]
[BlackClock "0:01:02"]

1. Nf3 d5 2. d4 Nf6 3. c4 c6 4. e3 e6 5. Bd3 dxc4 6. Bxc4 b5 7. Be2 Bb7 8. b3 a6 9. Bb2 c5 10. O-O Nc6 11. dxc5 Qxd1 12. Rxd1 Bxc5 13. a4 b4 14. Nbd2 Na5 15. Rac1 Rc8 16. Ne5 Ne4 17. Nxe4 Bxe4 18. Bxa6 Rc7 19. Nd7 Nxb3 20. Nxc5 Rxc5 21. Bb5+ Rxb5 22. Rc8+ Ke7 23. Rc7+ 1-0


[Site "https://www.chess.com"]

[Event "Titled Tuesday Blitz April 18 Early 2023"]
[White "Taichman, Ori"]
[Black "Nagy, Gabor"]
[WhiteFideId "2804069"]
[BlackFideId "737119"]
[WhiteElo "2237"]
[BlackElo "2514"]
[Result "1-0"]
[Round "02"]
[TimeControl "180+2"]
[Date "2023.04.18"]
[WhiteClock "0:00:10"]
[BlackClock "0:00:23"]

1. e4 c5 2. Nf3 e6 3. b3 a6 4. Bb2 Nc6 5. c4 Nf6 6. e5 Ng4 7. h3 Nh6 8. g4 d6 9. exd6 f6 10. d4 cxd4 11. Nxd4 Qxd6 12. Bg2 Qe5+ 13. Kf1 Nxd4 14. Qxd4 Qc7 15. Nd2 Bc5 16. Qc3 Nf7 17. Ne4 Be7 18. Qg3 e5 19. Nc3 Be6 20. Nd5 Bxd5 21. Bxd5 O-O 22. g5 Kh8 23. g6 Nd6 24. gxh7 Rad8 25. Rg1 Nf5 26. Qg6 Rxd5 27. cxd5 Qc2 28. Re1 Bb4 29. Bc1 Qd3+ 30. Re2 Qd1+ 31. Kg2 Qxe2 32. Qxf5 Bc5 33. h4 e4 34. h5 e3 35. h6 Qxf2+ 36. Qxf2 exf2 37. hxg7+ Kxg7 38. Rh1 Rh8 39. Bh6+ Kg6 40. Bf4 Kf5 41. Bg3 Ke4 42. d6 Kd3 43. d7 Ke2 44. Bxf2 Bxf2 45. d8=Q Rxd8 46. h8=Q Rxh8 47. Rxh8 Bd4 48. Rd8 Kd3 49. Rd7 b6 50. Kf3 a5 51. a4 Kc3 52. Ke4 Bc5 53. Rd3+ Kc2 54. Rf3 Be7 55. Kd5 Bc5 56. Kc4 Kb2 57. Rxf6 Ka3 58. Rf5 Ka2 59. Rxc5 bxc5 60. Kxc5 Kxb3 61. Kb5 Kc3 62. Kxa5 Kd4 63. Kb6 Kd5 64. a5 Kd6 65. a6 Kd7 66. a7 Kc8 67. a8=Q+ Kd7 68. Qc6+ 1-0


[Site "https://www.chess.com"]

[Event "Titled Tuesday Blitz April 18 Early 2023"]
[White "Gubajdullin, Alexei"]
[Black "Yuan, Qingyu"]
[WhiteFideId "4141202"]
[BlackFideId "8609772"]
[WhiteElo "2279"]
[BlackElo "2359"]
[Result "0-1"]
[Round "02"]
[TimeControl "180+2"]
[Date "2023.04.18"]
[WhiteClock "0:00:12"]
[BlackClock "0:00:24"]

1. d4 d5 2. Nf3 Nf6 3. Bf4 c5 4. e3 Nc6 5. Nbd2 cxd4 6. exd4 Bf5 7. c3 e6 8. Qb3 Qc8 9. Ne5 Bd6 10. Bg3 Qc7 11. f4 O-O 12. Be2 Ne7 13. Bh4 Ne4 14. Nxe4 Bxe4 15. O-O f6 16. Nd3 Nf5 17. Bg3 g5 18. Qd1 Ne3 19. Qd2 Nxg2 20. Bg4 f5 21. Bf3 gxf4 22. Qxg2 fxg3 23. Ne5 Bxe5 24. dxe5 Qxe5 25. hxg3 Kh8 26. Kh2 Rg8 27. Bxe4 dxe4 28. Qh3 Rg6 29. Rf4 Rag8 30. Rh4 Qxg3+ 31. Qxg3 Rxg3 32. Rd1 Rg2+ 33. Kh1 e3 34. Re1 e2 35. Rd4 Rg1+ 36. Rxg1 Rxg1+ 37. Kxg1 e1=Q+ 38. Kg2 Qe2+ 39. Kh3 Qxb2 40. Rd8+ Kg7 41. Kh4 Qxa2 42. Kg5 Qg2+ 43. Kf4 Qf2+ 44. Ke5 Qe3+ 45. Kd6 Qd3+ 46. Ke7 Qxd8+ 47. Kxd8 e5 48. c4 e4 49. c5 e3 50. c6 bxc6 0-1


[Site "https://www.chess.com"]

[Event "Titled Tuesday Blitz April 18 Early 2023"]
[White "Csonka, Balazs"]
[Black "Omelja, Artem"]
[WhiteFideId "742910"]
[BlackFideId "14119846"]
[WhiteElo "2404"]
[BlackElo "2404"]
[Result "1-0"]
[Round "02"]
[TimeControl "180+2"]
[Date "2023.04.18"]
[WhiteClock "0:00:07"]
[BlackClock "0:00:05"]

1. e4 c5 2. Nf3 e6 3. Nc3 Nc6 4. Bb5 Nge7 5. O-O a6 6. Bxc6 Nxc6 7. d4 cxd4 8. Nxd4 Be7 9. Nxc6 bxc6 10. e5 O-O 11. Qg4 f6 12. Bf4 Bb7 13. Rad1 c5 14. Rd3 f5 15. Qh5 Rf7 16. Rfd1 Bc6 17. Rg3 g6 18. Qe2 Qb6 19. b3 a5 20. Na4 Qb4 21. Bd2 Qb7 22. c4 Bh4 23. Nxc5 Qb6 24. Be3 Qc7 25. Rh3 Be7 26. Nd3 Bf8 27. f3 Bg7 28. Bd4 a4 29. b4 Rb8 30. a3 Ba8 31. Nc5 Qc8 32. f4 Bc6 33. Rhd3 Bf8 34. R3d2 Bxc5 35. Bxc5 Rb7 36. Qe3 Be4 37. Kf2 Qc6 38. Kg1 g5 39. Rd6 gxf4 40. Qxf4 Qc8 41. Rxe6 dxe6 42. Qg5+ Rg7 43. Rd8+ Qxd8 44. Qxd8+ Kf7 45. Qf6+ Kg8 46. Qf8# 1-0


[Site "https://www.chess.com"]

[Event "Titled Tuesday Blitz April 18 Early 2023"]
[White "Ronka, Erik"]
[Black "Harshavardhan G B"]
[WhiteFideId "505080"]
[BlackFideId "25059009"]
[WhiteElo "2264"]
[BlackElo "2323"]
[Result "0-1"]
[Round "02"]
[TimeControl "180+2"]
[Date "2023.04.18"]
[WhiteClock "0:00:52"]
[BlackClock "0:02:33"]

1. e4 e5 2. Nf3 Nc6 3. Bb5 a6 4. Ba4 d6 5. O-O Bg4 6. h3 h5 7. d4 b5 8. Bb3 Nxd4 9. hxg4 Nxb3 10. axb3 hxg4 11. Ng5 Qd7 12. c4 b4 13. f4 c6 14. fxe5 Qa7+ 15. Rf2 g3 16. Qf3 gxf2+ 17. Kf1 Rh1+ 0-1


[Site "https://www.chess.com"]

[Event "Titled Tuesday Blitz April 18 Early 2023"]
[White "Kushko, Dmitriy"]
[Black "Tan, Ralph"]
[WhiteFideId "14162261"]
[BlackFideId "30966590"]
[WhiteElo "2230"]
[BlackElo "2099"]
[Result "1-0"]
[Round "02"]
[TimeControl "180+2"]
[Date "2023.04.18"]
[WhiteClock "0:00:47"]
[BlackClock "0:00:02"]

1. f4 Nf6 2. Nf3 g6 3. g3 Bg7 4. Bg2 O-O 5. O-O d6 6. d3 c5 7. e4 Nc6 8. Nc3 Bg4 9. h3 Bxf3 10. Qxf3 Nd7 11. Kh2 e6 12. Bd2 Nd4 13. Qd1 Rc8 14. Rb1 b5 15. Ne2 Nb6 16. c3 Nc6 17. Ng1 b4 18. h4 e5 19. f5 c4 20. Bg5 f6 21. Be3 gxf5 22. Rxf5 Ne7 23. Rf2 bxc3 24. bxc3 d5 25. h5 d4 26. cxd4 exd4 27. Bf4 c3 28. h6 Bh8 29. Bh3 Rc6 30. Qb3+ Rf7 31. Be6 Rxe6 32. Qxe6 Ng6 33. Nf3 Qd7 34. Qxd7 Rxd7 35. Rb4 f5 36. exf5 Ne7 37. Be5 Nc6 38. Rb5 Bxe5 39. Nxe5 Nxe5 40. Rxe5 Rc7 41. Rc2 Kf7 42. Re4 Nd5 43. Rxd4 Ne3 44. Rc1 c2 45. Re4 Nxf5 46. g4 Nxh6 47. Kg3 Kg6 48. Rc4 Rd7 49. Rc3 Nf7 50. R1xc2 Ne5 51. Re2 Kf6 52. g5+ Ke6 53. Rc5 Rxd3+ 54. Kf4 Rd4+ 55. Re4 Rxe4+ 56. Kxe4 Nf7 57. Ra5 Nd6+ 58. Kf4 Nc8 59. Ra6+ Kf7 60. Ke5 Kg7 61. a4 Kf7 62. a5 Kg7 63. Rc6 Ne7 64. Rc7 Kf8 65. Ke6 Ng6 66. Rxa7 Nf4+ 67. Kd6 Nd3 68. Rxh7 Nb4 69. g6 Na6 70. Rb7 Kg8 71. Rb6 1-0


[Site "https://www.chess.com"]

[Event "Titled Tuesday Blitz April 18 Early 2023"]
[White "Atakishiyev, Elmar"]
[Black "Bettalli, Francesco"]
[WhiteFideId "13410547"]
[BlackFideId "2816453"]
[WhiteElo "2239"]
[BlackElo "2216"]
[Result "1-0"]
[Round "02"]
[TimeControl "180+2"]
[Date "2023.04.18"]
[WhiteClock "0:01:41"]
[BlackClock "0:01:40"]

1. c4 g6 2. h4 Bg7 3. h5 Nf6 4. h6 Bf8 5. d4 c6 6. Nc3 d5 7. Nf3 Bf5 8. Qb3 Qb6 9. c5 Qc7 10. Bf4 Qc8 11. e3 Nbd7 12. Qd1 b6 13. b4 a5 14. a3 b5 15. Bd3 Ne4 16. Bxe4 Bxe4 17. Nxe4 dxe4 18. Ng5 f5 19. Qb3 Nf6 20. Qf7+ Kd8 21. d5 Nxd5 22. Be5 axb4 23. Bxh8 Kc7 24. Be5+ Kb7 25. Nxh7 Bxh6 26. Rxh6 bxa3 27. Ng5 b4 28. Rh8 Qxh8 29. Bxh8 Rxh8 30. Kd2 Rh2 31. Qe8 Rxg2 32. Qd7+ Kb8 33. Qxc6 Rxf2+ 34. Ke1 Rg2 35. Qxd5 Rg1+ 36. Kf2 Rxa1 37. Ne6 a2 38. Qd8+ Ka7 39. Qb6+ Ka8 40. Nc7# 1-0


[Site "https://www.chess.com"]

[Event "Titled Tuesday Blitz April 18 Early 2023"]
[White "Kovalevsky, Stanislav"]
[Black "Weetik, Vjacheslav"]
[WhiteFideId "13508598"]
[BlackFideId "4153472"]
[WhiteElo "2174"]
[BlackElo "2469"]
[Result "0-1"]
[Round "02"]
[TimeControl "180+2"]
[Date "2023.04.18"]
[WhiteClock "0:00:05"]
[BlackClock "0:00:08"]

1. c4 e6 2. e4 c5 3. Nc3 Nc6 4. g3 g6 5. Bg2 Bg7 6. h4 h6 7. Nge2 Nge7 8. d3 a6 9. Be3 Nd4 10. Qd2 Rb8 11. Bf4 d6 12. Nxd4 cxd4 13. e5 dxc3 14. Qxc3 Nc6 15. Bxc6+ bxc6 16. d4 c5 17. dxc5 g5 18. hxg5 hxg5 19. Rxh8+ Bxh8 20. Be3 Bxe5 21. Qd3 dxc5 22. Qh7 Bd4 23. Rd1 e5 24. Qg8+ Kd7 25. Qxf7+ Qe7 26. Qd5+ Kc7 27. Qe4 Bb7 28. Qf5 Rf8 29. Qg6 Bf3 30. Bxg5 Qd6 31. Rd2 Qxg6 32. Be3 Qb1+ 33. Rd1 Qxd1# 0-1


[Site "https://www.chess.com"]

[Event "Titled Tuesday Blitz April 18 Early 2023"]
[White "Golubev, Mikhail"]
[Black "Aradhya, Garg"]
[WhiteFideId "14100983"]
[BlackFideId "25006746"]
[WhiteElo "2374"]
[BlackElo "2263"]
[Result "0-1"]
[Round "02"]
[TimeControl "180+2"]
[Date "2023.04.18"]
[WhiteClock "0:00:47"]
[BlackClock "0:02:26"]

1. e4 e5 2. Nf3 Nc6 3. Bc4 Nf6 4. Ng5 d5 5. exd5 b5 6. Bf1 Nxd5 7. d4 Nxd4 8. c3 Nc6 9. Bxb5 Bb7 10. O-O Be7 11. Nf3 O-O 12. Bxc6 Bxc6 13. Nxe5 Bb7 14. Qb3 Rb8 15. Rd1 Bd6 16. Rxd5 Bxd5 17. Qxd5 Bxe5 18. Qxd8 Rfxd8 19. Nd2 Bf4 20. Nf1 Rd1 0-1


[Site "https://www.chess.com"]

[Event "Titled Tuesday Blitz April 18 Early 2023"]
[White "Samunenkov, Ihor"]
[Black "Eggink, Ryszard"]
[WhiteFideId "14187086"]
[BlackFideId "1125869"]
[WhiteElo "2457"]
[BlackElo "2283"]
[Result "1/2-1/2"]
[Round "02"]
[TimeControl "180+2"]
[Date "2023.04.18"]
[WhiteClock "0:00:08"]
[BlackClock "0:00:09"]

1. e4 c5 2. Nf3 d6 3. d4 cxd4 4. Nxd4 Nf6 5. Nc3 a6 6. h3 e6 7. g4 h6 8. Bg2 Nc6 9. O-O Be7 10. Be3 g5 11. Nxc6 bxc6 12. e5 Nd5 13. exd6 Bxd6 14. Nxd5 cxd5 15. c4 Bb7 16. cxd5 Bxd5 17. Bxd5 exd5 18. Qa4+ Qd7 19. Qd4 O-O 20. Rad1 Rad8 21. Qf6 Qe6 22. Bd4 Qxf6 23. Bxf6 Rd7 24. Kg2 Bf4 25. Rd3 Re8 26. Rfd1 Re6 27. Bc3 Red6 28. a3 Rd8 29. Ba5 R8d7 30. Bb4 Rc6 31. Rxd5 Rxd5 32. Rxd5 Rc2 33. Bc3 Kf8 34. Ra5 Bc1 35. Rxa6 Bxb2 36. Bxb2 Rxb2 37. Rxh6 Kg7 38. Ra6 Ra2 39. a4 f6 40. Ra7+ Kg6 41. a5 Ra3 42. a6 Kh6 43. Ra8 Kg7 44. Kh2 Ra2 45. Kg3 Ra3+ 46. f3 Ra2 47. h4 Kh7 48. hxg5 fxg5 49. Kh3 Kg7 50. Kg3 Kh7 51. f4 Ra3+ 52. Kf2 gxf4 53. Ke2 Kg7 54. Kd2 Kh7 55. Kc2 f3 56. Kd2 f2 57. Ke2 Ra2+ 58. Kf1 Kg7 59. a7 Kh7 60. g5 Kg7 61. g6 Ra1+ 62. Kxf2 Ra3 63. Ke2 Ra2+ 64. Kd3 Ra3+ 65. Kc4 Ra1 66. Kb4 Rb1+ 67. Kc5 Rc1+ 68. Kb6 Rb1+ 69. Kc7 Rc1+ 70. Kd6 Ra1 71. Ke6 Re1+ 72. Kf5 Rf1+ 73. Kg5 Rg1+ 74. Kh5 Rh1+ 75. Kg4 Rg1+ 76. Kh3 Ra1 1/2-1/2


[Site "https://www.chess.com"]

[Event "Titled Tuesday Blitz April 18 Early 2023"]
[White "Vivas Zamora, Fabian Ernesto"]
[Black "Srihari L R"]
[WhiteFideId "3902480"]
[BlackFideId "46617116"]
[WhiteElo "2262"]
[BlackElo "2334"]
[Result "0-1"]
[Round "02"]
[TimeControl "180+2"]
[Date "2023.04.18"]
[WhiteClock "0:00:01"]
[BlackClock "0:01:20"]

1. e4 d6 2. d4 Nf6 3. Nc3 e5 4. Nge2 exd4 5. Nxd4 Be7 6. Bf4 O-O 7. Qd2 d5 8. O-O-O dxe4 9. Bc4 c6 10. Rhe1 Bb4 11. Bg5 Bg4 12. f3 exf3 13. gxf3 Bh5 14. Qf4 Nbd7 15. Nf5 Bxc3 16. bxc3 Qa5 17. Rg1 Bg6 18. Ne7+ Kh8 19. h4 Qa3+ 20. Kb1 Qxe7 21. h5 Nxh5 0-1


[Site "https://www.chess.com"]

[Event "Titled Tuesday Blitz April 18 Early 2023"]
[White "Iliaguev, Nisim"]
[Black "Matveeva, Olga"]
[WhiteFideId "2817276"]
[BlackFideId "24107018"]
[WhiteElo "2241"]
[BlackElo "2056"]
[Result "1-0"]
[Round "02"]
[TimeControl "180+2"]
[Date "2023.04.18"]
[WhiteClock "0:01:40"]
[BlackClock "0:01:00"]

1. c4 e6 2. g3 Nf6 3. Bg2 d5 4. Nf3 Be7 5. O-O O-O 6. b3 c5 7. Bb2 Nc6 8. d3 b6 9. Nbd2 Bb7 10. Rc1 Rc8 11. cxd5 Nxd5 12. Nc4 Bf6 13. Qd2 Bxb2 14. Qxb2 Qe7 15. Rfd1 Rfd8 16. a3 h6 17. h4 Nf6 18. Rb1 Nd4 19. Nxd4 Bxg2 20. Nxe6 Ba8 21. Nxd8 Rxd8 22. Qe5 Qb7 23. e4 Re8 24. Qf5 Qc6 25. Re1 g6 26. Qf4 Kg7 27. Qd6 Qb7 28. b4 Nxe4 29. dxe4 Rxe4 30. Rxe4 Qxe4 31. Qe5+ 1-0


[Site "https://www.chess.com"]

[Event "Titled Tuesday Blitz April 18 Early 2023"]
[White "Andrews, Todd"]
[Black "Djordjevic, Vuk"]
[WhiteFideId "2012456"]
[BlackFideId "902098"]
[WhiteElo "2420"]
[BlackElo "2452"]
[Result "1-0"]
[Round "02"]
[TimeControl "180+2"]
[Date "2023.04.18"]
[WhiteClock "0:00:09"]
[BlackClock "0:00:01"]

1. e4 d5 2. exd5 Qxd5 3. Nc3 Qd6 4. h3 Nf6 5. Nf3 c6 6. d4 g6 7. Bd3 Bg7 8. Qe2 O-O 9. O-O Nbd7 10. Bg5 Nb6 11. Rad1 Nbd5 12. Ne4 Nxe4 13. Bxe4 Re8 14. c3 Nf6 15. Bc2 Be6 16. Rfe1 c5 17. Bh4 Bxa2 18. b3 Nd5 19. Qd2 Rac8 20. Ra1 cxd4 21. Rxa2 dxc3 22. Qd1 Nb4 23. Rxa7 Qxd1 24. Bxd1 c2 25. Bxc2 Nxc2 26. Rxe7 Rxe7 27. Bxe7 b5 28. Rb7 Nd4 29. Nxd4 Bxd4 30. Rxb5 Rc1+ 31. Kh2 Bxf2 32. Bf6 Bg1+ 33. Kg3 Rc8 34. Rb7 Bc5 35. b4 Bd6+ 36. Kf3 Kf8 37. b5 Ke8 38. Ke4 Rc5 39. b6 Rb5 40. Bd4 h5 41. g4 hxg4 42. hxg4 f5+ 43. gxf5 gxf5+ 44. Kd3 Kd8 45. Kc4 Rb1 46. Kd5 Bg3 47. Rf7 Rb5+ 48. Kc6 Ra5 49. Bc5 Bh4 50. Rf8# 1-0


[Site "https://www.chess.com"]

[Event "Titled Tuesday Blitz April 18 Early 2023"]
[White "Arat, Ufuk Sezen"]
[Black "Korchmar, Vasiliy"]
[WhiteFideId "6309089"]
[BlackFideId "24131750"]
[WhiteElo "2289"]
[BlackElo "2370"]
[Result "0-1"]
[Round "02"]
[TimeControl "180+2"]
[Date "2023.04.18"]
[WhiteClock "0:00:10"]
[BlackClock "0:00:05"]

1. e4 c5 2. Nf3 d6 3. d4 cxd4 4. Nxd4 Nf6 5. Nc3 Nc6 6. Bg5 Bd7 7. Qd2 a6 8. O-O-O e6 9. f4 Be7 10. Be2 b5 11. Bf3 Qc7 12. e5 dxe5 13. fxe5 b4 14. exf6 bxc3 15. Qxc3 gxf6 16. Nxc6 Rc8 17. Bxf6 Qf4+ 18. Kb1 Bxf6 19. Qd3 Bxc6 20. Bxc6+ Kf8 21. Ba4 Qxa4 22. Rhf1 Rd8 23. Qf3 Rxd1+ 24. Rxd1 Kg7 25. Qg3+ Kh6 26. Qf3 Qh4 27. Rf1 Kg7 28. g3 Qd4 29. c3 Qe5 30. Qg4+ Qg5 31. Qf3 Rd8 32. h4 Qg6+ 33. Ka1 Rd2 34. h5 Qg5 35. a4 a5 36. g4 h6 37. Re1 Rc2 38. Qb7 Qxg4 39. Qc6 Rg2 40. Qb5 Qg5 41. Qb6 Rg4 42. Kb1 Rxa4 43. Rg1 Rg4 44. Rxg4 Qxg4 45. Qxa5 Qg1+ 46. Ka2 Qf2 47. Qb4 e5 48. Qg4+ Kf8 49. Qc8+ Kg7 50. Qg4+ Bg5 51. Kb3 Qb6+ 52. Kc2 Qf2+ 53. Kb3 Qc5 54. c4 Qb6+ 55. Kc2 Qc6 56. b4 e4 57. b5 Qxc4+ 58. Kb2 Qxb5+ 0-1


[Site "https://www.chess.com"]